 Dungeon Crawl Stone Soup version 0.18.1-48-g4cf74bf (webtiles) character file.

22691 nikopol the Cleaver (level 12, -3/109 (110) HPs)
             Began as a Minotaur Berserker on Sept 8, 2016.
             Was a High Priest of Trog.
             Slain by a spiny frog (9 damage)
             ... on level 5 of the Lair of Beasts.
             The game lasted 00:35:57 (12466 turns).

nikopol the Cleaver (Minotaur Berserker)           Turns: 12466, Time: 00:35:58

HP:   -3/109 (110)  AC: 15    Str: 22    XL:     12   Next: 65%
MP:   0/16          EV: 18    Int:  4    God:    Trog [*****.]
Gold: 738           SH:  0    Dex: 15    Spells: 0 memorised, 11 levels left

rFire  . . .     SeeInvis .     a - +2 battleaxe
rCold  . . .     Gourm    .     D - +4 moon troll leather armour {Spirit, Regen++ MP+5}
rNeg   . . .     Faith    .     (shield currently unavailable)
rPois  +         Spirit   +     (helmet restricted)
rElec  .         Dismiss  +     Q - +2 cloak
rCorr  .         Reflect  .     (no gloves)
SustAt .         Harm     .     S - +0 pair of boots
MR     .....                    L - amulet of dismissal
Stlth  +.........               (no ring)
                                J - ring of poison resistance

@: lethally poisoned (-3 -> -23), not resistant to hostile enchantments, very
unstealthy
A: retaliatory headbutt, horns 2
a: Berserk, Trog's Hand, Brothers in Arms, Burn Spellbooks, Renounce Religion


You were on level 5 of the Lair of Beasts.
You worshipped Trog.
Trog was extremely pleased with you.
You were not hungry.

You visited 2 branches of the dungeon, and saw 14 of its levels.

You collected 738 gold pieces.

Inventory:

Hand Weapons
 a - a +2 battleaxe (weapon)
 z - a +1 shortbow
 G - a +2 hand axe of venom
Missiles
 i - 237 arrows (quivered)
Armour
 b - a +0 animal skin
 r - a +0 ring mail
 D - the +4 moon troll leather armour (worn) {Spirit, Regen++ MP+5}
   (You found it on level 9 of the Dungeon)

   It affects your magic capacity (+5).
   It increases your rate of regeneration.
 M - a +1 chain mail
 Q - a +2 cloak (worn)
 S - a +0 pair of boots (worn)
Jewellery
 J - a ring of poison resistance (left hand)
 L - an amulet of dismissal (around neck)
 N - an uncursed ring of see invisible
 P - an uncursed ring of ice {unknown}
Wands
 k - a wand of flame (23/48)
 K - a wand of polymorph (12/24)
Scrolls
 e - 2 scrolls of fear {unknown}
 g - 9 scrolls of teleportation
 m - 3 scrolls of enchant weapon
 n - 3 scrolls of enchant armour
 o - 2 scrolls of identify
 q - 4 scrolls of magic mapping
 s - a scroll of recharging
 w - 2 scrolls of fog {unknown}
 x - 6 scrolls of remove curse
 y - a scroll of blinking {unknown}
 A - a scroll of acquirement {unknown}
 B - 3 scrolls of amnesia {unknown}
 E - 2 scrolls of random uselessness {unknown}
 H - a scroll of summoning {unknown}
Potions
 d - 2 potions of agility
 j - 5 potions of heal wounds
 t - a potion of might
 u - a potion of haste {unknown}
 v - 4 potions of magic
 C - 4 potions of brilliance
 F - 5 potions of curing
 I - a potion of flight
 O - a potion of experience
Comestibles
 c - 10 bread rations
 f - 5 fruits
 h - 2 beef jerkies
 l - 6 meat rations
 p - a royal jelly
 R - 18 chunks of flesh


   Skills:
 + Level 11.3 Fighting
 * Level 13.9 Axes
 * Level 9.4 Bows
 + Level 11.1 Armour
 + Level 10.3 Dodging


You had 11 spell levels left.
You didn't know any spells.

Dungeon Overview and Level Annotations

Branches:
Dungeon (9/15)             Temple (0/1) D:4            Lair (5/8) D:8
  Snake (0/4) Lair:3
  Swamp: Lair:3-6    Shoals: Lair:3-6       Orc: D:9-12

Altars:
Cheibriados
Dithmenos
Elyvilon
Okawaru
Sif Muna
Yredelemnul
Zin
The Shining One

Shops:
D:4 !   D:9 }


Innate Abilities, Weirdness & Mutations

You reflexively headbutt those who attack you in melee.
You have a pair of horns on your head.


Message History

* * * LOW HITPOINT WARNING * * *
You hit the elephant.
You headbutt the elephant, but do no damage.
The elephant is almost dead.
You hit the spiny frog.
The spiny frog is almost dead.
You feel sick. The spiny frog stings you!
* * * LOW HITPOINT WARNING * * *
You are more poisoned.
The spiny frog poisons you! The elephant closely misses you.
The elephant misses you.
You slash the elephant!
You kill the elephant!
Trog accepts your kill.
You hit the spiny frog but do no damage.
The spiny frog is almost dead.
* * * LOW HITPOINT WARNING * * *
You feel very sick. The spiny frog stings you!
You die...

..........##.#...##P##.
...##..................
......†............}...
......#................
.#......#..............
.#......#.#.....P.#....
###...##.##.#.........
#...#..#####..##...
....##... #†@#
......#####....#F......
..... #...###.......
#### ....... .......
##..... #.... ....


You could see a spiny frog.

Vanquished Creatures
  Snorg (Lair:4)
  Harold (Lair:3)
  2 hydras
  Urug (Lair:4)
  5 elephants
  2 black mambas
  An ice statue (D:9)
  5 spiny frogs
  8 komodo dragons
  A polar bear (Lair:5)
  A blink frog (Lair:5)
  A spriggan (D:8)
  2 wyverns
  A basilisk (Lair:1)
  33 yaks
  A hungry ghost (D:9)
  A hippogriff (Lair:3)
  A naga (Lair:3)
  6 water moccasins
  9 porcupines
  A sky beast (D:8)
  3 orc warriors
  2 ice beasts
  A necrophage (D:6)
  An ogre (D:6)
  A black bear (D:9)
  2 phantoms
  7 wolves (Lair:3)
  2 centaurs (D:9)
  7 crocodiles
  2 big kobolds
  8 giant frogs
  2 scorpions (D:6)
  An electric eel (Lair:2)
  3 wights (D:7)
  3 crimson imps
  A giant frog zombie (D:7)
  A centaur zombie (D:9)
  A quasit (D:7)
  6 jellies
  A gnoll shaman (D:5)
  A hound (D:4)
  8 orc priests
  3 giant frog skeletons (D:9)
  7 orc wizards
  A centaur skeleton (D:8)
  14 iguanas
  6 worker ants
  5 sheep
  7 adders
  11 gnolls
  18 river rats
  4 shadow imps
  An ooze (D:2)
  An adder zombie (D:9)
  2 adder skeletons
  A worm (D:2)
  A dart slug (D:1)
  3 giant geckos
  26 orcs
  8 bats
  6 giant cockroaches
  7 goblins
  7 hobgoblins
  6 jackals
  18 kobolds
  3 quokkas
  3 ball pythons
  4 giant newts
  A quokka zombie (D:9)
  10 rats
  2 plants (Lair:1)
334 creatures vanquished.

Vanquished Creatures (collateral kills)
  3 yaks (Lair:1)
3 creatures vanquished.

Vanquished Creatures (others)
  A fungus (Lair:4)
  6 plants
7 creatures vanquished.

Grand Total: 344 creatures vanquished

Notes
Turn   | Place    | Note
--------------------------------------------------------------
     0 | D:1      | nikopol the Minotaur Berserker began the quest for the Orb.
     0 | D:1      | Reached XP level 1. HP: 19/19 MP: 0/0
   123 | D:1      | Reached XP level 2. HP: 16/27 MP: 1/1
   343 | D:1      | Reached skill level 4 in Axes
   498 | D:1      | Reached ** piety under Trog
   672 | D:2      | Reached XP level 3. HP: 19/33 MP: 2/2
   860 | D:2      | Reached XP level 4. HP: 5/40 MP: 3/3
  1275 | D:2      | Found a deep blue altar of Sif Muna.
  1276 | D:2      | Found a shadowy altar of Dithmenos.
  1521 | D:3      | HP: 1/61 [orc priest/hand axe (4)]
  1523 | D:3      | Reached XP level 5. HP: 1/47 MP: 4/4
  1988 | D:3      | Found a snail-covered altar of Cheibriados.
  2174 | D:4      | Reached *** piety under Trog
  2174 | D:4      | Reached skill level 5 in Fighting
  2202 | D:4      | Reached skill level 5 in Axes
  2204 | D:4      | Reached XP level 6. HP: 56/56 MP: 5/5
  2420 | D:4      | You fall through a shaft for 3 floors!
  2539 | D:5      | Entered Level 5 of the Dungeon
  2539 | D:5      | Noticed a yak
  2539 | D:5      | Noticed a yak
  2539 | D:5      | Noticed a yak
  2547 | D:5      | Killed a yak
  2547 | D:5      | Reached skill level 5 in Armour
  2547 | D:5      | Reached XP level 7. HP: 63/63 MP: 6/6
  2550 | D:5      | Killed a yak
  2550 | D:5      | Reached skill level 6 in Axes
  2550 | D:5      | Reached skill level 5 in Dodging
  2551 | D:5      | Killed a yak
  2584 | D:5      | Reached XP level 8. HP: 59/71 MP: 7/7
  2711 | D:4      | Reached **** piety under Trog
  2741 | D:4      | Reached skill level 7 in Axes
  2925 | D:4      | Found a staircase to the Ecumenical Temple.
  2959 | D:4      | Found a glowing silver altar of Zin.
  2959 | D:4      | Found an iron altar of Okawaru.
  3222 | D:4      | Found Zyn Jira's Distillery.
  4447 | D:6      | Reached skill level 8 in Axes
  4872 | D:7      | Reached XP level 9. HP: 80/80 MP: 8/8
  5427 | D:8      | Found an iron altar of Okawaru.
  5484 | D:8      | Noticed an elephant
  5499 | D:8      | Reached skill level 9 in Axes
  5507 | D:8      | Killed an elephant
  5507 | D:8      | Reached ***** piety under Trog
  5918 | D:8      | Received a gift from Trog
  6011 | D:8      | Found a staircase to the Lair.
  6488 | D:8      | Found a basalt altar of Yredelemnul.
  6540 | D:8      | Found a white marble altar of Elyvilon.
  6684 | D:9      | Reached skill level 10 in Axes
  6790 | D:9      | Reached XP level 10. HP: 87/90 MP: 9/9
  6882 | D:9      | Reached skill level 1 in Bows
  7246 | D:9      | Found a glowing golden altar of the Shining One.
  7345 | D:9      | Found Fiag Titaun's Gadget Shop.
  7855 | D:9      | Noticed an ice statue
  7870 | D:9      | Killed an ice statue
  8035 | Lair:1   | Entered Level 1 of the Lair of Beasts
  8083 | Lair:1   | Reached skill level 11 in Axes
  8124 | Lair:1   | Noticed a spiny frog
  8124 | Lair:1   | Noticed a spiny frog
  8131 | Lair:1   | Killed a spiny frog
  8131 | Lair:1   | Received a gift from Trog
  8132 | Lair:1   | Killed a spiny frog
  8292 | Lair:1   | Noticed a black mamba
  8299 | Lair:1   | Killed a black mamba
  8299 | Lair:1   | Reached skill level 5 in Bows
  8299 | Lair:1   | Reached XP level 11. HP: 98/98 MP: 10/10
  8342 | Lair:1   | Reached skill level 10 in Fighting
  8553 | Lair:1   | HP: 6/147 [komodo dragon (20)]
  8573 | Lair:1   | Reached skill level 12 in Axes
  9357 | Lair:2   | Noticed an eight-headed hydra
  9365 | Lair:2   | Killed an 11-headed hydra
  9679 | Lair:2   | Received a gift from Trog
 10188 | Lair:3   | Noticed an eight-headed hydra
 10198 | Lair:3   | Killed a 12-headed hydra
 10198 | Lair:3   | Reached skill level 10 in Armour
 10198 | Lair:3   | HP: 1/150 [elephant (14)]
 10204 | Lair:3   | HP: 1/100 [elephant (1)]
 10346 | Lair:3   | Noticed Harold
 10362 | Lair:3   | Received a gift from Trog
 10376 | Lair:3   | Killed Harold
 10453 | Lair:3   | Found a staircase to the Snake Pit.
 10494 | Lair:3   | Reached skill level 13 in Axes
 10517 | Lair:3   | Reached XP level 12. HP: 96/107 MP: 11/11
 10715 | Lair:3   | Reached skill level 10 in Dodging
 11888 | Lair:4   | Noticed Snorg
 12126 | Lair:4   | Killed Snorg
 12238 | Lair:4   | Noticed Urug
 12253 | Lair:4   | Killed Urug
 12402 | Lair:5   | Received a gift from Trog
 12466 | Lair:5   | Slain by a spiny frog

Skill      XL: |  1  2  3  4  5  6  7  8  9 10 11 12 |
---------------+-------------------------------------+-----
Axes           | 4 5 6 8 10 11 13 | 13.9
Fighting       | 4 5 6 7 9 10 11 | 11.3
Dodging        | 3 4 5 6 8 9 10 | 10.3
Armour         | 3 4 5 7 8 9 10 11 | 11.1
Bows           | 5 7 9 |  9.4

Action                   |  1- 3 |  4- 6 |  7- 9 | 10-12 || total
-------------------------+-------+-------+-------+-------++-------
Melee: Hand axe          |    84 |    93 |   179 |       ||   356
       Headbutt          |    15 |    21 |    57 |   111 ||   204
       Broad axe         |       |       |    97 |    85 ||   182
       Battleaxe         |       |       |       |   329 ||   329
 Fire: Shortbow          |       |       |     9 |   180 ||   189
Invok: Berserk           |       |     3 |     3 |     9 ||    15
       Brothers in Arms  |       |       |       |     1 ||     1
  Use: Scroll            |       |       |       |    15 ||    15
       Potion            |       |       |       |     2 ||     2
 Stab: Sleeping          |     2 |       |       |     1 ||     3
  Eat: Chunk             |       |     7 |    13 |    23 ||    43
       Bread ration      |       |       |     1 |     1 ||     2
       Beef jerky        |       |       |     1 |       ||     1
Armor: Animal skin       |    18 |       |       |       ||    18
       Ring mail         |       |    30 |    57 |       ||    87
       Chain mail        |       |       |    11 |    44 ||    55
       Troll leather arm |       |       |       |   114 ||   114
Dodge: Dodged            |    55 |    66 |   185 |   358 ||   664
